AoeStats
← nanakusa

Arena

506399497Analyzed
4v4 RM · 19d ago on Sep 13, 2026· 45m 55s· 8 players
Game mode
Random Map
Map size
Large (8 player)
Population
200
Speed
Normal
Resources
Standard
Victory
Conquest
Starting age
Dark Age
Ending age
Imperial Age
RankedLock teamsTeams togetherTeam positionsShared explorationLock speedFull tech treeHidden civsTurbo modeCheats
Victory
Defeat
🇹🇼 Romans · Taiwan
1786
+8
🇹🇼 Khmer · Taiwan
1694
+11
🇯🇵 Cumans · Japan
1524
+17
🇫🇷 Bohemians · France
1455
+19
🇩🇿 Franks · Algeria
1629
-16
🇮🇹 Italians · Italy
1599
-15
🇨🇳 Slavs · China
1523
-12
🇨🇭 Bohemians · Switzerland
1509
-12
MrDJM
10:19 Feudal Age
14:01 Castle Age
11:52 Horse Collar
12:54 Double-Bit Axe
15:18 Bow Saw
19:16 Wheelbarrow
22:54 Loom
23:15 Fletching
30:26 Imperial Age
28:16 Scale Mail Armor
28:29 Forging
29:01 Heavy Plow
29:21 Squires
29:37 Chain Mail Armor
30:32 Iron Casting
31:51 Plate Mail Armor
34:02 Pikeman
34:48 Arson
36:42 Blast Furnace
36:09 Conscription
36:26 Bodkin Arrow
38:02 Bracer
38:48 Silk Road
38:54 Padded Archer Armor
39:55 Chemistry
39:15 Ballistics
40:03 Leather Archer Armor
40:12 Ballistics
40:08 Fortified Wall
42:17 Leather Archer Armor
42:37 Elite Genoese Crossbowman
43:49 Ring Archer Armor
Zaphod
10:58 Feudal Age
14:38 Castle Age
12:38 Double-Bit Axe
13:17 Horse Collar
15:14 Fletching
15:36 Loom
34:01 Bow Saw
36:44 Heavy Plow
39:46 Imperial Age
40:37 Chemistry
41:06 Wheelbarrow
42:04 Pikeman
42:44 Squires
44:00 Forging
43:51 Scale Mail Armor
Jozzif
11:01 Feudal Age
15:02 Castle Age
13:21 Double-Bit Axe
16:04 Bow Saw
21:25 Wheelbarrow
21:44 Loom
22:13 Forging
22:06 Gold Mining
22:36 Squires
22:57 Scale Mail Armor
24:51 Chain Mail Armor
28:51 Imperial Age
26:58 Iron Casting
27:33 #83
27:07 Arson
28:09 Fletching
28:40 Scale Barding Armor
28:54 Capped Ram
28:59 Onager
30:51 Conscription
31:28 Plate Mail Armor
31:58 Blast Furnace
32:23 Bodkin Arrow
33:27 Ballistics
33:04 Murder Holes
34:14 Chivalry
36:23 Gold Shaft Mining
37:50 Chemistry
36:38 Arrowslits
37:25 Pikeman
37:54 Halberdier
38:36 Husbandry
38:49 Cavalier
40:30 Chain Barding Armor
41:46 Plate Barding Armor
41:44 Fortified Wall
41:50 Hand Cart
41:48 Masonry
第一滴血
11:22 Feudal Age
14:56 Castle Age
12:51 Double-Bit Axe
13:43 Horse Collar
16:20 Scale Barding Armor
23:56 Loom
nanakusa
10:57 Feudal Age
12:14 Wheelbarrow
15:26 Castle Age
13:36 Double-Bit Axe
14:06 Horse Collar
16:17 Bow Saw
15:57 Loom
20:16 Capped Ram
21:15 Heavy Plow
25:13 Gold Mining
25:32 Stone Mining
26:35 Hand Cart
28:03 Gold Shaft Mining
27:38 Scale Mail Armor
31:31 Imperial Age
29:11 Scale Barding Armor
29:41 Bloodlines
29:09 Pikeman
29:50 Squires
30:24 Town Watch
31:01 Forging
31:57 Chain Barding Armor
33:13 Iron Casting
32:27 Elite Steppe Lancer
33:55 Conscription
35:48 Blast Furnace
37:18 Plate Barding Armor
41:05 Crop Rotation
41:15 Fletching
41:40 Guilds
41:20 Siege Ram
44:43 Caravan
N4Th-.-
2:34 Loom
11:07 Feudal Age
9:23 Loom
11:09 Feudal Age
12:15 Double-Bit Axe
16:38 Castle Age
14:51 Double-Bit Axe
17:48 Bow Saw
17:20 Horse Collar
19:21 Fletching
20:12 Loom
20:33 Crossbowman
21:55 Bodkin Arrow
24:37 Padded Archer Armor
24:38 Heavy Plow
25:37 Ballistics
27:02 Wheelbarrow
30:29 Imperial Age
28:11 Forging
30:45 Chemistry
30:29 Hand Cart
31:10 Leather Archer Armor
30:37 Arbalester
31:34 Bracer
35:55 Two-Man Saw
35:02 Siege Engineers
37:24 Houfnice
42:02 Conscription
41:48 Wagenburg Tactics
41:55 Scale Mail Armor
42:32 Ring Archer Armor
42:42 Scale Mail Armor
43:18 Iron Casting
42:04 Pikeman
42:44 Squires
42:46 Halberdier
YanShiba
11:33 Feudal Age
14:30 Castle Age
13:33 Double-Bit Axe
14:45 Bloodlines
17:03 Light Cavalry
19:24 Husbandry
22:04 Bow Saw
22:24 Scale Barding Armor
24:14 Forging
25:13 Chain Barding Armor
28:44 Wheelbarrow
28:44 Horse Collar
34:28 Imperial Age
31:46 Loom
32:17 Heavy Plow
34:44 Iron Casting
34:16 Fletching
34:41 Elite Battle Elephant
36:05 Plate Barding Armor
39:02 Capped Ram
40:37 Siege Ram
43:02 Gold Mining
43:02 Stone Mining
2KM1
9:01 Feudal Age
7:17 Loom
12:46 Castle Age
11:33 Double-Bit Axe
31:36 Horse Collar
32:10 Bow Saw
34:14 Stone Mining
42:25 Town Watch
45:48 Wheelbarrow
Connection lost

Rejoining the realm…

Still unreachable

The connection could not be restored.

Session expired

The server has moved on; the page needs a fresh start.